 Dungeon Crawl Stone Soup version 0.32-a0-141-g04fe69798e (webtiles) character file.

Game seed: 7312942047395720427

48487 MacCMillion the Thaumaturge (level 14, -7/103 HPs)
             Began as a Djinni Alchemist on Feb 10, 2024.
             Was the Champion of Makhleb.
             Mangled by a seven-headed hydra (8 damage)
             ... on level 5 of the Lair of Beasts on Feb 11, 2024.
             The game lasted 01:20:12 (16361 turns).

MacCMillion the Thaumaturge (Djinni Alchemist)     Turns: 16361, Time: 01:20:12

Health: -7/103     AC:  9    Str: 17    XL:     14   Next: 87%
Gold:   734        EV: 20    Int: 22    God:    Makhleb [******] SH:  0 Dex: 14

rFire   + + .        u - +5 dagger
rCold   x . .        (no shield)
rNeg    . . .        P - +1 troll leather armour of Rudwet {Rampage Regen+ Slay+5}
rPois   ∞            m - +0 helmet
rElec   .            c - +0 cloak
rCorr   .            H - +1 pair of gloves "Welegeim" {Str+4}
SInv    .            (boots unavailable)
Will    +....        D - amulet of the acrobat
Stlth   ++++         h - +5 ring of evasion
HPRegen 1.17/turn    j - +6 ring of strength
MPRegen 0.00/turn

%: acrobat, rampage, infuse magic (-8 HP)
@: flying
A: sickness immunity, fire resistance 2, cold vulnerability 1, float, innate
caster, HP casting, extra vitality 1
a: Renounce Religion, Minor Destruction, Lesser Servant of Makhleb, Major
Destruction, Greater Servant of Makhleb


You were on level 5 of the Lair of Beasts.
You worshipped Makhleb.
Makhleb was exalted by your worship.
You visited 3 branches of the dungeon, and saw 18 of its levels.

You collected 1716 gold pieces.
You spent 982 gold pieces at shops.

Inventory:

Hand Weapons
 f - a +2 short sword of venom
 u - a +5 dagger (weapon)
Missiles
 v - 4 curare-tipped darts
 K - 2 throwing nets
Armour
 c - a +0 cloak (worn)
 m - a +0 helmet (worn)
 G - +0 steam dragon scales
 H - the +1 pair of gloves "Welegeim" (worn) {Str+4}
   (You bought it in a shop on level 2 of the Orcish Mines)

   Str+4:     It affects your strength (+4).
 P - the +1 troll leather armour of Rudwet (worn) {Rampage Regen+ Slay+5}
   (You bought it in a shop on level 2 of the Orcish Mines)

   Slay+5:    It affects your accuracy & damage with ranged weapons and melee
   (+5).
   Regen+:    It increases your rate of health regeneration.
   Rampage:   It bestows one free step when moving towards enemies.
Magical Staves
 s - a staff of air
Jewellery
 a - a ring of wizardry
 h - a +5 ring of evasion (left hand)
 j - a +6 ring of strength (right hand)
 D - an amulet of the acrobat (around neck)
 T - a +6 ring of strength
Wands
 d - a wand of polymorph (4)
 y - a wand of iceblast (27)
 B - a wand of light (14)
 C - a wand of mindburst (17)
 I - a wand of flame (8)
 R - a wand of paralysis (6)
Scrolls
 e - 3 scrolls of fog
 n - 4 scrolls of teleportation
 o - 2 scrolls of immolation
 q - 3 scrolls of noise
 t - a scroll of enchant weapon
 z - 3 scrolls of blinking
 A - 3 scrolls of enchant armour {unknown}
 E - a scroll of butterflies
 J - a scroll of brand weapon
 M - 2 scrolls of poison
 N - a scroll of revelation
 Q - 2 scrolls of fear {unknown}
 S - 2 scrolls of identify
 V - 3 scrolls of amnesia {unknown}
Potions
 b - 3 potions of ambrosia
 g - 2 potions of brilliance
 i - a potion of curing
 k - 10 potions of degeneration
 l - 3 potions of attraction
 p - 5 potions of enlightenment
 r - 5 potions of mutation
 w - a potion of invisibility {unknown}
 x - a potion of lignification {unknown}
 F - a potion of magic {unknown}
 L - 3 potions of heal wounds
 O - 2 potions of resistance {unknown}
 U - a potion of might {unknown}


   Skills:
 - Level 10.4 Fighting
 - Level 8.0 Short Blades
 - Level 4.0 Armour
 + Level 8.3 Dodging
 + Level 8.2 Stealth
 - Level 14.0 Spellcasting
 - Level 14.0 Conjurations
 - Level 14.0 Hexes
 - Level 14.0 Summonings
 - Level 14.0 Necromancy
 - Level 14.0 Translocations
 - Level 14.0 Fire Magic
 - Level 14.0 Ice Magic
 - Level 14.0 Air Magic
 - Level 14.0 Earth Magic
 - Level 14.0 Alchemy


You knew the following spells:

 Your Spells              Type           Power      Damage    Failure   Level
a - Sting                 Conj/Alch      100%       1d9       0%          1
b - Mercury Vapours       Alch/Air       100%       N/A       1%          2
c - Mephitic Cloud        Conj/Alch/Air  67%        N/A       1%          3
d - Olgreb's Toxic Radia  Alch           67%        N/A       1%          4
e - Sticky Flame          Fire/Alch      67%        2d11      1%          4
f - Sandblast             Erth           100%       2d20      0%          1
g - Jinxbite              Hex            100%       N/A       1%          2
h - Static Discharge      Conj/Air       100%       3-8/arc   1%          2
i - Cause Fear            Hex            33%        N/A       1%          4
j - Summon Lightning Spi  Summ/Air       67%        N/A       1%          4
k - Yara's Violent Unrav  Hex/Alch       33%        3d14      1%          5
Your spell library was empty.

Dungeon Overview and Level Annotations

Branches:
Dungeon (11/15)            Temple (0/1) D:6            Lair (4/5) D:8
 Shoals (0/4) Lair:3       Spider (0/4) Lair:2          Orc (2/2) D:9
    Elf (0/3) Orc:2
  Slime: Lair:4-5

Altars:
Gozag
Makhleb
Trog
Wu Jian

Shops:
Orc:1 *[   Orc:2 [[[(

Annotations:
D:6 2 transporters
D:11 !skellies
Lair:5 Kirke


Innate Abilities, Weirdness & Mutations

You are immune to sickness and miasma.
You are immune to poison.
Your flesh is very heat resistant. (rF++)
You are vulnerable to cold. (rC-)
You float through the air rather than walking.
You learn spells naturally, not from books.
Your magical power is your life essence.
You have superior vitality. (+4 MHP)


Message History

The black mamba hisses angrily.
You hear a loud, deep croak!
The elephant tramples the seven-headed hydra.
The seven-headed hydra holds its ground!
The elephant trunk-slaps the seven-headed hydra.
The elephant is engulfed in noxious fumes.
The elephant appears confused.
The elephant tramples you!
You hold your ground!
The elephant trunk-slaps you but does no damage.
The blink frog is engulfed in noxious fumes.
The blink frog appears confused.
A blink frog comes into view.
The blink frog is engulfed in noxious fumes.
The blink frog barely misses you.
The elephant is engulfed in noxious fumes. x2
The elephant attacks as it pursues you! The elephant completely misses you. x2
Casting: Mephitic Cloud (safe; 1% risk of failure)
Confirm with . or Enter, or press ? or * to list all spells.
The blink frog is struck by an arc of lightning.
The blink frog is lightly wounded.
The water moccasin is struck by an arc of lightning!
The water moccasin is moderately wounded.
The blink frog is struck by an arc of lightning!
The blink frog is moderately wounded.
The lightning grounds out.
The blink frog is engulfed in noxious fumes.
The blink frog appears confused.
The blink frog hits the blink frog! x2
The elephant is engulfed in noxious fumes.
The elephant misses you.
The elephant trunk-slaps you but does no damage.
The elephant tramples the seven-headed hydra.
The seven-headed hydra stumbles backwards!
The blink frog is engulfed in noxious fumes.
The blink frog completely misses you. The seven-headed hydra bites you!
* * * LOW HITPOINT WARNING * * *
The seven-headed hydra misses you. The seven-headed hydra bites you!
* * * LOW HITPOINT WARNING * * *
The seven-headed hydra bites you!
* * * LOW HITPOINT WARNING * * *
The seven-headed hydra completely misses you.
The seven-headed hydra bites you!
You die...

.##...@...l...#
##..........###.
.###.#.............
#...#..l.§YY.#.....
...................
......F#§.Y.......
..#.....##@§.......
##...#.§D☼SJ.....P.
##.?#.@YY##.......
.. #SF.§.Y.....P.
#.F...#.......
FF.......#.....
..#.^...##......
.........P. ...#
...P#....... .
....#.....#..


You could see Kirke (very poisoned), a seven-headed hydra, 4 elephants, a komodo
dragon (confused, poisoned), a black mamba, a cane toad, 3 blink frogs, a water
moccasin and an endoplasm.

Vanquished Creatures
  An ogre mage (Orc:2)
  5 two-headed ogres
  An occultist (D:10)
  4 orc high priests (Orc:2)
  Sonja (Lair:5)
  A pharaoh ant (Lair:2)
  5 orc knights (Orc:2)
  3 harpies (Lair:3)
  Pikel (D:7)
  A cyclops (D:11)
  3 elephants (Lair:4)
  A black mamba (Lair:4)
  5 cane toads
  A gargoyle (D:11)
  2 molten gargoyles (D:11)
  Maggie (Lair:1)
  5 komodo dragons
  5 trolls
  A tarantella (Lair:2)
  A polar bear (Lair:2)
  12 blink frogs
  A dream sheep (Lair:3)
  A jumping spider (Lair:2)
  A spriggan (Lair:2)
  2 shadows
  7 wyverns
  15 yaks
  2 basilisks
  2 wargs (Orc:1)
  6 hogs (Lair:5)
  2 steam dragons
  3 water moccasins
  An acid dragon (D:10)
  An ice beast (D:8)
  26 orc warriors
  A swamp drake (D:9)
  5 black bears
  4 wolves (Lair:2)
  3 centaurs
  3 ogres
  2 phantoms (D:5)
  A lemure (D:7)
  A kobold brigand (D:9)
  A gnoll sergeant (D:9)
  9 bullfrogs
  3 scorpions
  6 wights
  6 killer bees (D:8)
  6 howler monkeys
  3 electric eels (Lair:3)
  3 lava snakes (D:11)
  A bombardier beetle (D:5)
  20 orc priests
  3 hounds
  3 gnoll boudas
  3 iguanas
  17 orc wizards
  Robin (D:3)
  18 adders
  20 gnolls
  A shadow imp (D:7)
  4 ufetubi
  3 dart slugs
  2 ribbon worms
  51 orcs
  11 ball pythons
  8 bats
  7 endoplasms
  A giant cockroach (D:1)
  13 goblins
  6 hobgoblins
  5 jackals
  10 kobolds
  9 quokkas
  3 frilled lizards
  5 rats
  A butterfly (Lair:1)
413 creatures vanquished.

Vanquished Creatures (collateral kills)
  A two-headed ogre (Orc:2)
  A death yak (Lair:5)
  An orc high priest (Orc:2)
  2 skysharks (Lair:4)
  A harpy (Lair:3)
  3 orc knights (Orc:2)
  An elephant (Lair:5)
  A black mamba (Lair:3)
  A torpor snail (Lair:1)
  4 cane toads
  9 blink frogs
  4 dream sheep (Lair:3)
  3 wyverns
  A basilisk (Lair:3)
  20 yaks
  7 water moccasins
  3 orc warriors
  An ogre (Orc:1)
  5 bullfrogs
  2 lava snakes (D:11)
  7 orc priests
  An orc wizard (Orc:1)
  3 orcs
  A butterfly (Lair:1)
83 creatures vanquished.

Grand Total: 496 creatures vanquished

Notes
Turn   | Place    | Note
-------+----------+-------------------------------------------
     0 | D:1      | MacCMillion the Djinni Alchemist began the quest for the
                  | Orb.
     0 | D:1      | MacCMillion set off with the following spells memorised:
                  | Sting, Mercury Vapours, Mephitic Cloud, Olgreb's Toxic
                  | Radiance, Sticky Flame.
     0 | D:1      | Reached XP level 1. HP: 15/15 MP: 0/0
    96 | D:1      | Reached XP level 2. HP: 19/21 MP: 0/0
   113 | D:1      | Upgraded the game from 0.32-a0-135-g14f8b2e1af to
                  | 0.32-a0-141-g04fe69798e
   413 | D:1      | Reached XP level 3. HP: 23/25 MP: 0/0
   413 | D:1      | Learned a level 1 spell: Sandblast
   845 | D:1      | Found a faded altar of an unknown god.
  1269 | D:2      | Reached XP level 4. HP: 29/31 MP: 0/0
  1750 | D:3      | Noticed Robin
  2011 | D:3      | Killed Robin
  2012 | D:3      | Reached XP level 5. HP: 20/35 MP: 0/0
  2012 | D:3      | Learned a level 2 spell: Jinxbite
  2649 | D:3      | Reached skill level 5 in Spellcasting
  2649 | D:3      | Reached skill level 5 in Conjurations
  2649 | D:3      | Reached skill level 5 in Hexes
  2649 | D:3      | Reached skill level 5 in Summonings
  2649 | D:3      | Reached skill level 5 in Necromancy
  2649 | D:3      | Reached skill level 5 in Translocations
  2649 | D:3      | Reached skill level 5 in Fire Magic
  2649 | D:3      | Reached skill level 5 in Ice Magic
  2649 | D:3      | Reached skill level 5 in Air Magic
  2649 | D:3      | Reached skill level 5 in Earth Magic
  2649 | D:3      | Reached skill level 5 in Alchemy
  2782 | D:3      | Reached XP level 6. HP: 22/40 MP: 0/0
  3157 | D:4      | Found a burning altar of Makhleb.
  3158 | D:4      | Found an ornate altar of the Wu Jian Council.
  3158 | D:4      | Found a bloodstained altar of Trog.
  3202 | D:4      | Became a worshipper of Makhleb the Destroyer
  3316 | D:4      | Identified the +1 pair of gloves "Qaevo" {Slay+2}
  3576 | D:4      | Reached XP level 7. HP: 45/45 MP: 0/0
  3576 | D:4      | Learned a level 2 spell: Static Discharge
  4097 | D:5      | Entered Level 5 of the Dungeon
  4123 | D:5      | Reached skill level 1 in Fighting
  4123 | D:5      | Reached skill level 1 in Short Blades
  4261 | D:5      | Noticed a wraith
  4564 | D:5      | Reached * piety under Makhleb
  4908 | D:5      | Reached XP level 8. HP: 51/55 MP: 0/0
  5212 | D:6      | Found an opulent altar of Gozag.
  5343 | D:6      | Found a staircase to the Ecumenical Temple.
  5417 | D:6      | Found a transporter.
  5441 | D:6      | Found a transporter.
  6349 | D:7      | Noticed Pikel
  6362 | D:7      | Killed Pikel
  6363 | D:7      | Reached skill level 5 in Fighting
  6363 | D:7      | Reached XP level 9. HP: 49/65 MP: 0/0
  6363 | D:7      | Learned a level 4 spell: Cause Fear
  6827 | D:7      | You are sucked into a shaft and drop 3 floors!
  6827 | D:10     | Entered Level 10 of the Dungeon
  6905 | D:10     | Noticed a troll
  7277 | D:10     | Noticed a troll
  7280 | D:10     | Noticed a troll
  7282 | D:10     | Killed a troll
  7290 | D:10     | Killed a troll
  7315 | D:10     | Killed a troll
  7316 | D:10     | Reached XP level 10. HP: 46/75 MP: 0/0
  7466 | D:10     | Noticed a komodo dragon
  7482 | D:10     | Killed a komodo dragon
  7581 | D:7      | Identified the +1 robe "Wuryu" {*Slow Regen+ Int+6
                  | Archmagi}
  7711 | D:7      | Reached ** piety under Makhleb
  8158 | D:8      | Found a staircase to the Lair.
  8158 | D:8      | Noticed a komodo dragon
  8165 | D:8      | Reached skill level 5 in Short Blades
  8182 | D:8      | Killed a komodo dragon
  8558 | D:8      | Reached skill level 5 in Dodging
  8822 | D:9      | Reached skill level 1 in Armour
  8875 | D:9      | Reached *** piety under Makhleb
  8877 | D:9      | Reached XP level 11. HP: 82/84 MP: 0/0
  8877 | D:9      | Learned a level 4 spell: Summon Lightning Spire
  9218 | D:9      | Identified the +9 war axe "Zussuheo" {drain, rElec rF+
                  | Dex+2}
  9353 | D:9      | Reached **** piety under Makhleb
  9355 | D:9      | Noticed a two-headed ogre
  9372 | D:9      | Killed a two-headed ogre
  9397 | D:9      | Found a staircase to the Orcish Mines.
  9756 | D:10     | Noticed an occultist
  9766 | D:10     | Killed an occultist
  9955 | D:11     | Reached skill level 10 in Fighting
 10397 | D:11     | Noticed a cyclops
 10408 | D:11     | Killed a cyclops
 10534 | D:11     | Noticed a skeletal warrior
 10539 | D:11     | Noticed a skeletal warrior
 10543 | D:11     | Reached XP level 12. HP: 92/92 MP: 0/0
 10661 | Orc:1    | Entered Level 1 of the Orcish Mines
 11087 | Orc:2    | Entered Level 2 of the Orcish Mines
 11087 | Orc:2    | Found a staircase to the Elven Halls.
 11401 | Orc:1    | Found Kudgh's Assorted Antiques.
 11403 | Orc:1    | Reached ***** piety under Makhleb
 11440 | Orc:1    | Found Ihuy's Antique Armour Boutique.
 11445 | Orc:1    | Bought a scroll of teleportation for 90 gold pieces
 11445 | Orc:1    | Bought 2 ruby potions for 54 gold pieces
 11564 | Orc:2    | Noticed an ogre mage
 11564 | Orc:2    | Noticed a two-headed ogre
 11565 | Orc:2    | Noticed a two-headed ogre
 11565 | Orc:2    | Noticed a two-headed ogre
 11566 | Orc:2    | Noticed a two-headed ogre
 11566 | Orc:2    | Noticed a two-headed ogre
 11570 | Orc:2    | Killed a two-headed ogre
 11570 | Orc:2    | Killed an ogre mage
 11572 | Orc:2    | Killed a two-headed ogre
 11574 | Orc:2    | Killed a two-headed ogre
 11575 | Orc:2    | Killed a two-headed ogre
 11578 | Orc:2    | Killed a two-headed ogre
 11851 | Orc:2    | Noticed an orc high priest
 11857 | Orc:2    | Killed an orc high priest
 11858 | Orc:2    | Reached skill level 10 in Spellcasting
 11858 | Orc:2    | Reached skill level 10 in Conjurations
 11858 | Orc:2    | Reached skill level 10 in Hexes
 11858 | Orc:2    | Reached skill level 10 in Summonings
 11858 | Orc:2    | Reached skill level 10 in Necromancy
 11858 | Orc:2    | Reached skill level 10 in Translocations
 11858 | Orc:2    | Reached skill level 10 in Fire Magic
 11858 | Orc:2    | Reached skill level 10 in Ice Magic
 11858 | Orc:2    | Reached skill level 10 in Air Magic
 11858 | Orc:2    | Reached skill level 10 in Earth Magic
 11858 | Orc:2    | Reached skill level 10 in Alchemy
 11879 | Orc:2    | Reached XP level 13. HP: 92/97 MP: 0/0
 11879 | Orc:2    | Learned a level 5 spell: Yara's Violent Unravelling
 12283 | Orc:2    | Reached skill level 5 in Stealth
 12316 | Orc:2    | Found Xifawen's Antique Armour Shop.
 12316 | Orc:2    | Found Zene's Weapon Shop.
 12317 | Orc:2    | Found Muatse's Antique Armour Boutique.
 12317 | Orc:2    | Found Roalozud's Armour Shop.
 12324 | Orc:2    | Bought a brightly glowing troll leather armour for 620 gold
                  | pieces
 12324 | Orc:2    | Identified the +1 troll leather armour of Rudwet {Rampage
                  | Regen+ Slay+5} (You bought it in a shop on level 2 of the
                  | Orcish Mines)
 12446 | Orc:2    | Bought a pair of masterwork gloves for 218 gold pieces
 12446 | Orc:2    | Identified the +1 pair of gloves "Welegeim" {Str+4} (You
                  | bought it in a shop on level 2 of the Orcish Mines)
 12691 | Lair:1   | Entered Level 1 of the Lair of Beasts
 13142 | Lair:1   | Noticed Maggie
 13155 | Lair:1   | Killed Maggie
 14157 | Lair:2   | Reached XP level 14. HP: 103/103 MP: 0/0
 14668 | Lair:2   | Found a hole to the Spider Nest.
 15635 | Lair:3   | Found a staircase to the Shoals.
 16089 | Lair:4   | Reached ****** piety under Makhleb
 16330 | Lair:4   | You are sucked into a shaft and drop 1 floor!
 16330 | Lair:5   | Entered Level 5 of the Lair of Beasts
 16332 | Lair:5   | Noticed Kirke
 16336 | Lair:5   | Noticed Sonja
 16345 | Lair:5   | Killed Sonja
 16361 | Lair:5   | HP: 1/103 [seven-headed hydra (10)]
 16361 | Lair:5   | Mangled by a seven-headed hydra

Illustrated notes

Levels and vault maps discovered:
D:1:      minmay_arrival_cross, layout_rooms,
          ebering_ecumenical_altar_abandoned, roderic_lattice_a
D:2:      layout_loops_ring
D:3:      layout_basic, dreamdust_princess_bridge, minmay_misc_feat_iff,
          uniq_robin
D:4:      layout_basic, grunt_temple_overflow_open, minmay_snake_closets
D:5:      kennysheep_big_flooded_room, layout_layer_cave,
          minmay_fractal_squares_5
D:6:      gammafunk_steamed_eel, layout_basic, grunt_gozag_statues,
          temple_statues
D:7:      layout_basic, uniq_pikel
D:8:      layout_loops_ring, gammafunk_temple_overflow_statue,
          due_lair_maze_entry_diamond
D:9:      layout_irregular_city, erik_orc_1, minmay_misc_feat_tower
D:10:     layout_rooms, st_stairs_6, lightli_fourway_metalbox
D:11:     cheibrodos_magma_flow, layout_loops_ring, gauntlet_entry_generic
Lair:1:   layout_regular_city, lemuel_fruit_fields, infiniplex_staircase_pool,
          uniq_maggie
Lair:2:   layout_long_grid, nicolae_spider_entry_lesser_pyramids, wad_woods_03,
          lemuel_fruit_tree, infiniplex_staircase_pool_2, lemuel_fruit_fields
Lair:3:   layout_chaotic_city, nicolae_shoals_entry_roost, serial_bayou_shore_a,
          grunt_megastairs_5, serial_bayou_shore_b
Lair:4:   layout_small_grid, serial_bayou_shore_b, grunt_megastairs_3
Lair:5:   evil_forest, layout_misc_corridors, nicolae_slime_entry_slimehenge,
          uniq_kirke, uniq_sonja
Orc:1:    layout_caves, serial_shops, nicolae_shop_overgrown_old_shop, shop,
          nicolae_orc_pool_cavern
Orc:2:    st_orc_pillars, layout_caves, mines1_david

Skill      XL: |  1  2  3  4  5  6  7  8  9 10 11 12 13 14 |
---------------+-------------------------------------------+-----
Stealth        | 2 4 7 8 |  8.2
Spellcasting   | 4 5 6 7 10 12 14 | 14.0
Conjurations   | 4 5 6 7 10 12 14 | 14.0
Hexes          | 4 5 6 7 10 12 14 | 14.0
Summonings     | 4 5 6 7 10 12 14 | 14.0
Necromancy     | 4 5 6 7 10 12 14 | 14.0
Translocations | 4 5 6 7 10 12 14 | 14.0
Fire Magic     | 4 5 6 7 10 12 14 | 14.0
Ice Magic      | 4 5 6 7 10 12 14 | 14.0
Air Magic      | 4 5 6 7 10 12 14 | 14.0
Earth Magic    | 4 5 6 7 10 12 14 | 14.0
Alchemy        | 4 5 6 7 10 12 14 | 14.0
Fighting       | 2 5 7 9 10 | 10.4
Short Blades   | 2 4 5 7 8 |  8.0
Dodging        | 5 7 8 |  8.3
Armour         | 1 4 |  4.0

Action                     |  1- 3 |  4- 6 |  7- 9 | 10-12 | 13-15 || total
---------------------------+-------+-------+-------+-------+-------++-------
  Melee: Short sword       |     2 |    11 |     2 |       |       ||    15
         Dagger            |       |       |    33 |    95 |   143 ||   271
         Punch             |       |       |     1 |    10 |    22 ||    33
   Cast: Sting             |    64 |    69 |    88 |    39 |    29 ||   289
         Mephitic Cloud    |     1 |     9 |    16 |    48 |    59 ||   133
         Mercury Vapours   |       |     2 |     1 |     1 |       ||     4
         Olgreb's Toxic Ra |       |     5 |    19 |    65 |    60 ||   149
         Sandblast         |       |       |    15 |    44 |     6 ||    65
         Sticky Flame      |       |       |     7 |     8 |    11 ||    26
         Cause Fear        |       |       |     1 |       |     2 ||     3
         Summon Lightning  |       |       |       |    24 |    45 ||    69
         Static Discharge  |       |       |       |     2 |     2 ||     4
  Evoke: Wand              |       |       |       |       |     3 ||     3
    Use: Scroll            |       |       |     6 |    11 |       ||    17
   Stab: Confused          |       |     2 |     3 |    10 |    14 ||    29
         Sleeping          |       |       |     1 |     1 |     2 ||     4
         Distracted        |       |       |       |     3 |     1 ||     4
 Armour: Robe              |    14 |     7 |    30 |       |       ||    51
         Steam dragon scal |       |       |     4 |       |       ||     4
         Troll leather arm |       |       |       |    52 |    61 ||   113
  Dodge: Dodged            |     6 |    16 |    71 |   122 |   147 ||   362

Table legend: (Time is in decaauts)
 A = Elapsed time spent in this place.
 B = Non-inter-level travel time spent in this place.
 C = Inter-level travel time spent in this place.
 D = Time resting spent in this place.
 E = Time spent auto-exploring this place.
 F = Levels seen in this place.
 G = Mean time per level.
                   A        B        C        D        E       F      G
               +--------+--------+--------+--------+--------+-----+--------+
         Total |  16321 |  15357 |    964 |   3033 |   9034 |  18 |  906.7 |
       Dungeon |  10745 |  10056 |    689 |   1626 |   6209 |  11 |  976.8 |
          Lair |   3633 |   3548 |     85 |   1066 |   1887 |   5 |  726.6 |
  Orcish Mines |   1941 |   1751 |    190 |    341 |    938 |   2 |  970.5 |
               +--------+--------+--------+--------+--------+-----+--------+

Top non-repeatable levels by time:
     D:6: 1331 daAuts
     D:9: 1330 daAuts
   Orc:2: 1308 daAuts
  Lair:2: 1188 daAuts
     D:3: 1187 daAuts
  Lair:3: 1186 daAuts
     D:5: 1044 daAuts
     D:4: 1001 daAuts
     D:1: 995 daAuts
  Lair:1: 984 daAuts
     D:2: 972 daAuts
     D:8: 838 daAuts
     D:7: 750 daAuts
    D:10: 678 daAuts
   Orc:1: 633 daAuts
